[Event "Titled Tuesday Blitz June 20 Early 2023"]
[White "Mendonca, Leon Luke"]
[Black "Domingo Nunez, Alejandro"]
[WhiteFideId "35028561"]
[BlackFideId "22245561"]
[WhiteElo "2464"]
[BlackElo "2291"]
[Result "1-0"]
[Round "7"]
[TimeControl "180+2"]
[Date "2023.06.20"]
[WhiteClock "0:00:19"]
[BlackClock "0:00:03"]
[Board "41"]

1. e4 g6 2. Nf3 Bg7 3. d4 c6 4. Be2 d5 5. Nc3 dxe4 6. Nxe4 Nf6 7. Ng3 O-O 8. O-O Bg4 9. Re1 Nbd7 10. c3 Qc7 11. h3 Bxf3 12. Bxf3 e5 13. dxe5 Nxe5 14. Be2 Rad8 15. Qc2 Rfe8 16. Bg5 h6 17. Be3 Nd5 18. Bd2 Qb6 19. Rad1 a6 20. Bf1 Nd7 21. Bc1 Nc5 22. h4 h5 23. Bg5 Rc8 24. Bc4 Rxe1+ 25. Rxe1 Ne6 26. Be3 Qd8 27. Qe4 b5 28. Bb3 Qf6 29. Nf1 Rd8 30. Nh2 Re8 31. Bg5 Qf5 32. Qxf5 gxf5 33. Nf3 Nec7 34. Kf1 Rxe1+ 35. Kxe1 Kh7 36. Ke2 Kg6 37. Bd2 Bf6 38. g3 Ne6 39. Bc2 Nc5 40. Ne1 Ne4 41. Bc1 Be5 42. Ng2 Ndf6 43. Bf4 Bxf4 44. Nxf4+ Kh6 45. f3 Nd6 46. Bd3 Ng8 47. Ke3 Ne7 48. Kd4 Nec8 49. Kc5 Nb7+ 50. Kxc6 Na5+ 51. Kc7 Ne7 52. Kb6 Nac6 53. Kxa6 b4 54. Kb5 bxc3 55. bxc3 Ne5 56. Be2 Nd7 57. a4 1-0


[Site "https://www.chess.com"]

[Event "Titled Tuesday Blitz June 20 Early 2023"]
[White "ArtemDyachuk"]
[Black "Zemlyanskii, Ivan"]
[BlackFideId "24249971"]
[WhiteElo "2625"]
[BlackElo "2421"]
[Result "0-1"]
[Round "7"]
[TimeControl "180+2"]
[Date "2023.06.20"]
[WhiteClock "0:00:15"]
[BlackClock "0:00:34"]
[Board "42"]

1. e4 c5 2. Nf3 e6 3. d4 cxd4 4. Nxd4 Nf6 5. Nc3 Nc6 6. Nxc6 bxc6 7. e5 Nd5 8. Ne4 Qc7 9. f4 Qb6 10. c4 Bb4+ 11. Ke2 f5 12. Nf2 Ba6 13. Kf3 Ne7 14. b3 Bc5 15. Nd3 Bd4 16. Rb1 c5 17. Be2 Bb7+ 18. Kg3 g5 19. fxg5 Ng6 20. Bh5 d6 21. exd6 O-O-O 22. Qe2 Qxd6+ 23. Kh3 e5 24. Rf1 Bc3 25. Rd1 e4 26. Nf4 Nxf4+ 27. Bxf4 Qxf4 28. Rf1 Qd2 29. Rxf5 Qxe2 30. Rxc5+ Kb8 31. Bxe2 Rd2 32. Bg4 e3 33. Rb5 a6 34. Rf5 Bxg2+ 35. Kg3 Be4 36. Rc5 Bxb1 37. Bf3 e2 38. Bxe2 Rxe2 39. Kf3 Re5 40. Rc6 Be4+ 41. Kf4 Bxc6 42. h4 Rf8+ 43. Kg4 Bf3+ 44. Kg3 Bh5 45. Kg2 Re2+ 46. Kg3 Rf3# 0-1


[Site "https://www.chess.com"]

[Event "Titled Tuesday Blitz June 20 Early 2023"]
[White "Pakleza, Zbigniew"]
[Black "Ahmad, Khagan"]
[WhiteFideId "1119290"]
[BlackFideId "13431552"]
[WhiteElo "2410"]
[BlackElo "2209"]
[Result "1-0"]
[Round "7"]
[TimeControl "180+2"]
[Date "2023.06.20"]
[WhiteClock "0:00:07"]
[BlackClock "0:00:07"]
[Board "44"]

1. d4 Nf6 2. Nf3 e6 3. Bf4 Bd6 4. Bg3 Qe7 5. Nbd2 Bxg3 6. hxg3 d6 7. e3 e5 8. Be2 Nc6 9. c3 Bg4 10. Qa4 e4 11. Ng1 Bxe2 12. Nxe2 Qd7 13. c4 Ne7 14. Qxd7+ Kxd7 15. Nc3 h6 16. Ndxe4 Nxe4 17. Nxe4 f5 18. Nc3 Rae8 19. Kd2 g5 20. Rae1 Ng8 21. e4 fxe4 22. Nxe4 Rh7 23. g4 Rhe7 24. f3 Re6 25. Ng3 Rxe1 26. Rxe1 Rf8 27. Rh1 Rf6 28. Nf5 Ke6 29. Kd3 Kf7 30. b4 Kg6 31. Ng3 Re6 32. Kd2 Ne7 33. d5 Re5 34. Re1 Rxe1 35. Kxe1 b5 36. cxb5 Nxd5 37. Kd2 Nxb4 38. a4 Nd5 39. Ne4 Nb6 40. Nc3 Kf6 41. Kd3 Ke5 42. g3 d5 43. a5 Nc4 44. a6 Nb6 45. Ne2 Kd6 46. Nd4 Kc5 47. f4 Nd7 48. Ne6+ Kxb5 49. Nxc7+ Kc6 50. Ne6 Nf6 51. fxg5 hxg5 52. Nxg5 Nxg4 53. Ne6 Nf6 54. Kd4 Kb6 55. Ke5 Ng4+ 56. Kf4 Kxa6 57. Kxg4 Kb6 58. Kf4 Kc6 59. Ke5 a5 60. Nd4+ Kc5 61. Nb3+ Kc6 62. Nxa5+ Kd7 63. Kxd5 Ke7 64. Ke4 Kf6 65. Kf4 Kg6 66. Nc4 Kf6 67. g4 Kg6 68. g5 Kg7 69. Kf5 Kf7 70. Ne3 Kg7 71. g6 Kh6 72. Kf6 Kh5 73. g7 Kh6 74. g8=Q Kh5 75. Qg5# 1-0


[Site "https://www.chess.com"]

[Event "Titled Tuesday Blitz June 20 Early 2023"]
[White "Oro, Faustino"]
[Black "Kumsiashvili, Nikoloz"]
[WhiteFideId "20000197"]
[BlackFideId "13600621"]
[WhiteElo "1984"]
[BlackElo "2299"]
[Result "0-1"]
[Round "7"]
[TimeControl "180+2"]
[Date "2023.06.20"]
[WhiteClock "0:00:04"]
[BlackClock "0:00:03"]
[Board "45"]

1. e4 c5 2. Nf3 e6 3. g3 Nc6 4. Bg2 d6 5. O-O Nf6 6. Re1 Be7 7. d4 cxd4 8. Nxd4 O-O 9. c4 e5 10. Nc2 Bg4 11. Qd3 Nd7 12. Nc3 Nc5 13. Qd2 Ne6 14. b3 Ncd4 15. Nxd4 Nxd4 16. Qd3 f5 17. exf5 Bxf5 18. Ne4 Bg4 19. f4 Kh8 20. Bb2 Nc6 21. fxe5 dxe5 22. Qe3 Nd4 23. Kh1 Nc2 24. Qc3 Nxe1 25. Rxe1 Bf6 26. Nxf6 gxf6 27. Bxb7 Rb8 28. Bg2 Qd7 29. Qe3 a5 30. h4 a4 31. b4 Rfc8 32. Qc3 Bh3 33. Bd5 Qf5 34. a3 Bg4 35. Qe3 Rc7 36. Bc3 Rg7 37. Kh2 Bh5 38. c5 Bf7 39. Bg2 Rbg8 40. Rf1 Qe6 41. Rf3 Bh5 42. Be1 Bxf3 43. Bxf3 f5 44. Bg2 f4 45. gxf4 Rxg2+ 46. Kh1 Qg4 47. Bf2 Qg7 48. fxe5 Rh2+ 49. Kxh2 Qg2# 0-1


[Site "https://www.chess.com"]

[Event "Titled Tuesday Blitz June 20 Early 2023"]
[White "Yuan, Qingyu"]
[Black "Sowul, Bartosz"]
[WhiteFideId "8609772"]
[BlackFideId "1137590"]
[WhiteElo "2359"]
[BlackElo "2188"]
[Result "0-1"]
[Round "7"]
[TimeControl "180+2"]
[Date "2023.06.20"]
[WhiteClock "0:00:00"]
[BlackClock "0:00:23"]
[Board "46"]

1. e4 c5 2. Nf3 d6 3. Bb5+ Nd7 4. c3 a6 5. Ba4 Nf6 6. Qe2 b5 7. Bc2 Bb7 8. O-O e6 9. d4 Be7 10. Rd1 Qc7 11. Bd3 Rc8 12. Nbd2 e5 13. dxe5 Nxe5 14. Nxe5 dxe5 15. c4 b4 16. Nf1 O-O 17. f3 Rfd8 18. Ne3 Rd4 19. Nd5 Bxd5 20. exd5 e4 21. fxe4 Bd6 22. h3 Bh2+ 23. Kh1 Re8 24. Bg5 Nxe4 25. Bxe4 Rdxe4 26. Qf1 Be5 27. Rd2 f6 28. Qf3 Bd6 29. Rf1 fxg5 30. Rdf2 Qe7 31. Qh5 g6 32. Qf3 Rf4 33. Qd3 Rxf2 34. Rxf2 Qe1+ 35. Rf1 Qe5 36. Kg1 Qh2+ 37. Kf2 Rf8+ 38. Ke2 Qxg2+ 39. Rf2 Qxf2+ 0-1


[Site "https://www.chess.com"]

[Event "Titled Tuesday Blitz June 20 Early 2023"]
[White "Aradhya, Garg"]
[Black "Budrewicz, Krzysztof"]
[WhiteFideId "25006746"]
[BlackFideId "1127950"]
[WhiteElo "2263"]
[BlackElo "2230"]
[Result "1-0"]
[Round "7"]
[TimeControl "180+2"]
[Date "2023.06.20"]
[WhiteClock "0:00:31"]
[BlackClock "0:00:35"]
[Board "47"]

1. d4 Nf6 2. c4 g6 3. Nf3 Bg7 4. g3 O-O 5. Bg2 d6 6. Nc3 Nbd7 7. O-O e5 8. b3 Re8 9. h3 c6 10. e4 exd4 11. Nxd4 Nc5 12. Re1 a5 13. Bb2 Qb6 14. Qc2 Bd7 15. Rad1 a4 16. Bc1 axb3 17. axb3 Nh5 18. Be3 Be5 19. Rb1 Qb4 20. Nce2 Ra3 21. Bd2 Qb6 22. b4 Nd3 23. Be3 Nxe1 24. Rxe1 Rxe3 25. fxe3 Qxb4 26. Rb1 Qa3 27. Qb3 Qxb3 28. Rxb3 Bc8 29. Kf2 Nf6 30. Nc3 h5 31. Na4 Nd7 32. Ra3 Nc5 33. Nxc5 dxc5 34. Nb3 Bd6 35. Ra8 Kf8 36. e5 Be7 37. Na5 Bd8 38. Nxc6 bxc6 39. Rxc8 Be7 40. Rxc6 Rb8 41. Bd5 h4 42. gxh4 Bxh4+ 43. Kf3 Rb1 44. Rxc5 Rf1+ 45. Ke4 Bg5 46. Rc8+ Kg7 47. Rc7 Kf8 48. c5 f5+ 49. exf6 Bxf6 50. c6 Ke8 51. Rh7 Rc1 52. c7 g5 53. Be6 1-0


[Site "https://www.chess.com"]

[Event "Titled Tuesday Blitz June 20 Early 2023"]
[White "Zavgorodniy, Sergiy"]
[Black "Rohith Krishna S"]
[WhiteFideId "14110148"]
[BlackFideId "46617051"]
[WhiteElo "2402"]
[BlackElo "2270"]
[Result "0-1"]
[Round "7"]
[TimeControl "180+2"]
[Date "2023.06.20"]
[WhiteClock "0:00:21"]
[BlackClock "0:00:53"]
[Board "48"]

1. d4 Nf6 2. c4 g6 3. Nc3 Bg7 4. e4 d6 5. Be2 O-O 6. Nf3 e5 7. O-O Nc6 8. d5 Ne7 9. Ne1 Nd7 10. Be3 f5 11. f3 f4 12. Bf2 g5 13. a4 a5 14. Nd3 b6 15. b4 axb4 16. Nxb4 Nc5 17. Nc6 Nxc6 18. dxc6 h5 19. Nd5 Rf7 20. Be1 Ne6 21. a5 bxa5 22. Rxa5 Rxa5 23. Bxa5 Nd4 24. c5 Nxc6 25. Bxc7 Rxc7 26. Nxc7 Qxc7 27. cxd6 Qb6+ 28. Kh1 Nd4 29. Bc4+ Kh7 30. Qa4 Qxd6 31. Qe8 Be6 32. Qxh5+ Kg8 33. Qe8+ Kh7 34. Qh5+ Bh6 35. Bxe6 Nxe6 36. Qf7+ Ng7 37. h3 g4 38. hxg4 Bg5 39. Kg1 Qb6+ 40. Kh2 Qh6+ 41. Kg1 Qb6+ 42. Kh2 Bh4 43. g5 Bxg5 44. Rh1 Bh4 45. Kh3 Qf2 46. Kh2 Qg3+ 47. Kg1 Qe1+ 48. Kh2 Bg3+ 49. Kh3 Qxh1+ 50. Kg4 Qh4# 0-1


[Site "https://www.chess.com"]

[Event "Titled Tuesday Blitz June 20 Early 2023"]
[White "Renjith, Sravan"]
[Black "Pinheiro, Iung Alicio de O."]
[WhiteFideId "4306783"]
[BlackFideId "2104350"]
[WhiteElo "2104"]
[BlackElo "2283"]
[Result "1-0"]
[Round "7"]
[TimeControl "180+2"]
[Date "2023.06.20"]
[WhiteClock "0:01:24"]
[BlackClock "0:00:00"]
[Board "49"]

1. b3 d5 2. Bb2 Bg4 3. h3 Bf5 4. Nf3 Nf6 5. d3 h6 6. Nbd2 e6 7. g3 Be7 8. Bg2 O-O 9. O-O a5 10. Ne5 a4 11. e4 Bh7 12. Rb1 axb3 13. axb3 Ra2 14. Qc1 Bb4 15. exd5 exd5 16. Ndf3 Nbd7 17. Ra1 Qa8 18. Nxd7 Nxd7 19. Qf4 Bd6 20. Qg4 Bg6 21. Qxd7 1-0


[Site "https://www.chess.com"]

[Event "Titled Tuesday Blitz June 20 Early 2023"]
[White "Shukhman, Anna"]
[Black "Priasmoro, Novendra"]
[WhiteFideId "54180058"]
[BlackFideId "7105029"]
[WhiteElo "2235"]
[BlackElo "2412"]
[Result "1/2-1/2"]
[Round "7"]
[TimeControl "180+2"]
[Date "2023.06.20"]
[WhiteClock "0:00:15"]
[BlackClock "0:00:18"]
[Board "50"]

1. e4 c5 2. Nf3 Nc6 3. Bb5 g6 4. O-O Bg7 5. c3 Nf6 6. Re1 O-O 7. h3 e5 8. d4 cxd4 9. cxd4 d5 10. dxe5 Nxe4 11. Nc3 Nxc3 12. bxc3 Be6 13. Bg5 Qa5 14. Qd3 Bf5 15. Qxd5 Be6 16. Qd3 Bf5 17. Qd5 Qxc3 18. Rac1 Qa3 19. Bf6 Be6 20. Qe4 Qxa2 21. Bxc6 bxc6 22. Ng5 Bd5 23. Qh4 h6 24. Ne4 Bxe4 25. Rxe4 Rac8 26. Bxg7 Kxg7 27. Qf6+ Kh7 28. e6 fxe6 29. Qe7+ Kh8 30. Rxe6 Qxf2+ 31. Kh1 Qf5 32. Rce1 Rf7 33. Qd6 Kg7 34. Qd4+ Kh7 35. Re7 Rf8 36. Qxa7 h5 37. Qd4 c5 38. Qc4 Kh6 39. R7e5 Qf2 40. Qc1+ Kh7 41. Qxc5 Qg3 42. Re7 Kh8 43. Qd4+ Kg8 44. Qc4 Kg7 45. Qd4+ Kh7 46. Qd5 Kg7 47. Rxf7+ Rxf7 48. Qe5+ Qxe5 49. Rxe5 Rf1+ 50. Kh2 Kf6 51. Ra5 g5 52. g3 Rf2+ 53. Kg1 Rc2 54. Ra6+ Kf5 55. Ra5+ Kf6 56. Ra6+ Kf7 57. Ra7+ Ke6 58. Ra5 Kf6 1/2-1/2


[Site "https://www.chess.com"]

[Event "Titled Tuesday Blitz June 20 Early 2023"]
[White "Mekhane, Adam"]
[Black "Morefield, Jason"]
[WhiteFideId "36050601"]
[BlackFideId "30920825"]
[WhiteElo "2177"]
[BlackElo "2171"]
[Result "0-1"]
[Round "7"]
[TimeControl "180+2"]
[Date "2023.06.20"]
[WhiteClock "0:00:43"]
[BlackClock "0:00:10"]
[Board "51"]

1. e4 d6 2. d4 Nf6 3. Nc3 g6 4. Bg5 c6 5. f4 d5 6. Bxf6 exf6 7. exd5 cxd5 8. Qe2+ Be6 9. f5 gxf5 10. Nh3 Bh6 11. g3 Nc6 12. Qf2 Qb6 13. Bb5 a6 14. Bxc6+ bxc6 15. Rb1 Rg8 16. O-O Rg4 17. Ne2 Re4 18. Nhf4 Ke7 19. c3 Rg8 20. Kh1 Bg5 21. Rfe1 Rh8 22. Nd3 h5 23. h4 Bh6 24. Nef4 Qb8 25. Rf1 Qg8 26. Nc5 Qg4 27. Nxe4 fxe4 28. Nxe6 Qxe6 29. Qf5 Rg8 30. Qxe6+ Kxe6 31. Kh2 f5 32. Rbe1 Rg4 33. Kh3 f4 34. gxf4 Bxf4 35. Rg1 f5 36. Rxg4 hxg4+ 37. Kg2 Bd6 38. h5 f4 39. h6 f3+ 40. Kf2 g3+ 41. Ke3 Kf5 42. Kd2 Bf4+ 43. Kc2 Bxh6 44. Rh1 g2 45. Rxh6 g1=Q 46. Rxc6 f2 0-1


[Site "https://www.chess.com"]

[Event "Titled Tuesday Blitz June 20 Early 2023"]
[White "Pham, Khoi"]
[Black "Tristan, Leonardo"]
[WhiteFideId "1054988"]
[BlackFideId "113816"]
[WhiteElo "2565"]
[BlackElo "2461"]
[Result "0-1"]
[Round "7"]
[TimeControl "180+2"]
[Date "2023.06.20"]
[WhiteClock "0:00:20"]
[BlackClock "0:00:17"]
[Board "52"]

1. e4 d5 2. exd5 Qxd5 3. Nc3 Qa5 4. Nf3 Nf6 5. Bc4 Nc6 6. O-O Bg4 7. h3 Bh5 8. Re1 O-O-O 9. d3 Nd4 10. Bf4 Bxf3 11. gxf3 Qh5 12. Kg2 Qg6+ 13. Bg3 e6 14. Ne4 Nh5 15. Qd2 f5 16. Qa5 Nxg3 17. Nxg3 f4 18. Qxa7 fxg3 19. fxg3 Bd6 20. g4 Qf6 21. Qa8+ Kd7 22. Qxb7 Qf4 23. Bb5+ Ke7 24. c3 Qg3+ 25. Kf1 Qxh3+ 26. Kf2 Qh2+ 27. Ke3 Qf4+ 28. Kf2 Rb8 29. Qe4 Qxe4 30. Rxe4 Nxb5 31. Rae1 Kd7 32. Rxe6 Rbe8 33. R6e4 Rxe4 34. dxe4 c6 35. a4 Nc7 36. Ke3 Bc5+ 37. Kd3 Rf8 38. Rf1 Ne6 39. b4 Bd6 40. Kc4 Be5 41. a5 Kc7 42. b5 cxb5+ 43. Kxb5 Bxc3 44. Rc1 Rxf3 45. Kc4 Kd6 46. Rxc3 Rxc3+ 47. Kxc3 Kc5 48. Kd3 Kb5 49. e5 Kxa5 50. Ke4 g6 51. Kd5 Nc7+ 52. Kd6 Kb6 53. e6 h5 54. gxh5 gxh5 55. Ke5 Nxe6 56. Kf5 Ng7+ 57. Kg5 Kc5 58. Kh4 Kd5 59. Kg5 Ke5 60. Kh4 Kf5 61. Kh3 Kg5 62. Kg3 Ne6 63. Kh3 Nc5 64. Kh2 Kg4 65. Kg2 h4 66. Kh2 h3 67. Kh1 Kg3 68. Kg1 Ne4 69. Kh1 Nf2+ 70. Kg1 h2+ 71. Kf1 h1=Q+ 72. Ke2 Qe4+ 73. Kd2 Qd3+ 74. Kc1 Qe2 75. Kb1 Nd3 76. Ka1 Qb2# 0-1


[Site "https://www.chess.com"]

[Event "Titled Tuesday Blitz June 20 Early 2023"]
[White "Atakhan, Abtin"]
[Black "Asavasaetakul, Chawit"]
[WhiteFideId "22502203"]
[BlackFideId "6204856"]
[WhiteElo "2008"]
[BlackElo "1919"]
[Result "0-1"]
[Round "7"]
[TimeControl "180+2"]
[Date "2023.06.20"]
[WhiteClock "0:00:00"]
[BlackClock "0:00:42"]
[Board "53"]

1. Nf3 d5 2. e3 Nf6 3. c4 c6 4. Nc3 a6 5. b3 Bf5 6. Bb2 e6 7. Nh4 Bg4 8. Qc2 Nbd7 9. h3 Bh5 10. g4 Bg6 11. Nxg6 hxg6 12. Bg2 dxc4 13. bxc4 Ne5 14. Ne2 Nd3+ 15. Kf1 Nxb2 16. Qxb2 Qc7 17. g5 Nd7 18. Rb1 Rb8 19. f4 e5 20. Bf3 Bd6 21. d4 exd4 22. Nxd4 O-O 23. Kg2 Rfe8 24. Qc3 Nc5 25. h4 Qe7 26. Kf2 Ne4+ 27. Bxe4 Qxe4 28. h5 Rbd8 29. Rbd1 Bc5 30. Rh4 gxh5 31. Rd2 Bxd4 32. Rxd4 Rxd4 33. Qxd4 Qxd4 34. exd4 Re4 35. d5 Rxc4 36. dxc6 Rxc6 37. Rxh5 Rc2+ 38. Ke3 Rxa2 39. f5 g6 40. fxg6 fxg6 41. Rh1 Ra5 42. Kf4 Rf5+ 43. Kg4 a5 44. Rb1 b5 45. Rc1 b4 46. Rc6 Kg7 47. Ra6 Rb5 48. Ra7+ Kf8 0-1


[Site "https://www.chess.com"]

[Event "Titled Tuesday Blitz June 20 Early 2023"]
[White "Zaragatski, Ilja"]
[Black "Amilal Munkhdalai"]
[WhiteFideId "4655192"]
[BlackFideId "4903250"]
[WhiteElo "2460"]
[BlackElo "2293"]
[Result "1-0"]
[Round "7"]
[TimeControl "180+2"]
[Date "2023.06.20"]
[WhiteClock "0:01:03"]
[BlackClock "0:01:04"]
[Board "54"]

1. g3 d5 2. Nf3 Bg4 3. Bg2 Nd7 4. c4 dxc4 5. O-O c6 6. Na3 Bxf3 7. Bxf3 Ne5 8. Bg2 e6 9. Qc2 Qd4 10. Rb1 Nf6 11. b3 cxb3 12. Rxb3 Qd7 13. Bb2 Bd6 14. Rb1 O-O 15. Bxe5 Bxe5 16. Rxb7 Qd4 17. e3 Qg4 18. Nc4 Qh5 19. d4 Bb8 20. Bxc6 Ng4 21. f3 Nf6 22. R7b5 Qh3 23. Bxa8 Bxg3 24. hxg3 Rc8 25. Qg2 1-0


[Site "https://www.chess.com"]

[Event "Titled Tuesday Blitz June 20 Early 2023"]
[White "Petrosian, Karlen"]
[Black "Toropov, Pavel"]
[WhiteFideId "4176146"]
[BlackFideId "24129178"]
[WhiteElo "2345"]
[BlackElo "2182"]
[Result "1-0"]
[Round "7"]
[TimeControl "180+2"]
[Date "2023.06.20"]
[WhiteClock "0:01:20"]
[BlackClock "0:00:35"]
[Board "55"]

1. e4 e6 2. Qe2 d5 3. exd5 Qxd5 4. Nc3 Qd8 5. b3 Nf6 6. Bb2 Be7 7. O-O-O O-O 8. g4 Nc6 9. g5 Nd5 10. Nf3 Nxc3 11. Bxc3 Ba3+ 12. Kb1 a5 13. Ne5 Ne7 14. Ng4 Nd5 15. Ba1 Qxg5 16. Rg1 Kh8 17. h4 Qxh4 18. Bxg7+ Kxg7 19. Qe5+ f6 20. Nxf6+ Kf7 21. Nxd5 Qh6 22. Qxc7+ Ke8 23. Bb5+ Bd7 24. Qxd7# 1-0


[Site "https://www.chess.com"]

[Event "Titled Tuesday Blitz June 20 Early 2023"]
[White "angelgab3"]
[Black "Lamard, Guillaume"]
[BlackFideId "600261"]
[WhiteElo "2527"]
[BlackElo "2413"]
[Result "1-0"]
[Round "7"]
[TimeControl "180+2"]
[Date "2023.06.20"]
[WhiteClock "0:00:21"]
[BlackClock "0:00:00"]
[Board "56"]

1. e4 c6 2. d4 d5 3. e5 Bf5 4. Nf3 e6 5. Be2 Nd7 6. O-O a5 7. a4 f6 8. Nh4 fxe5 9. Nxf5 exf5 10. dxe5 Nxe5 11. Re1 Kf7 12. Bh5+ Ng6 13. Qf3 Qd7 14. Nc3 Nf6 15. Bg5 Bd6 16. Ne2 Ne4 17. Be3 Rhe8 18. Nd4 Kg8 19. Qxf5 Qc7 20. g3 Re5 21. Qh3 Rf8 22. Ne6 Qd7 23. Bg4 Rf6 24. Ng5 Qe7 25. Qxh7+ Kf8 26. Nf3 Rxf3 27. Bxf3 Qf6 28. Bh5 Ne7 29. c3 Rf5 30. Bd4 Qg5 31. Be2 Ng8 32. Qh3 c5 33. Be3 Qf6 34. Bg4 Rxf2 35. Bxf2 Qxf2+ 36. Kh1 Ngf6 37. Rf1 Qe3 38. Qg2 Ke7 39. Bf3 g5 40. Rae1 Qd3 41. Be2 Qc2 42. c4 d4 43. Bf3 Qd3 44. Bxe4 1-0


[Site "https://www.chess.com"]

[Event "Titled Tuesday Blitz June 20 Early 2023"]
[White "Ajay Karthikeyan"]
[Black "Ljukin, Sergei"]
[WhiteFideId "35011685"]
[BlackFideId "14102200"]
[WhiteElo "2321"]
[BlackElo "2312"]
[Result "1/2-1/2"]
[Round "7"]
[TimeControl "180+2"]
[Date "2023.06.20"]
[WhiteClock "0:00:34"]
[BlackClock "0:00:06"]
[Board "57"]

1. d4 d5 2. Bf4 Nf6 3. e3 c5 4. Nf3 Nc6 5. Nbd2 e6 6. c3 Bd6 7. Bg3 O-O 8. Bd3 b6 9. Qe2 Qe7 10. Ne5 Bb7 11. O-O Qc7 12. f4 g6 13. Bh4 Nd7 14. Rae1 f6 15. Nxg6 hxg6 16. Bxg6 f5 17. Rf3 Rf6 18. Bg3 Rxg6 19. Bh4 Nf8 20. Rh3 Be7 21. Nf3 Bxh4 22. Rxh4 Nh7 23. Rf1 Qg7 24. Kh1 Kf7 25. g3 Rh6 26. Rxh6 Qxh6 27. b4 c4 28. a4 Ne7 29. a5 b5 30. Kg1 Nf6 31. Kf2 Ne4+ 32. Ke1 Nxc3 33. Ne5+ Kg8 34. Qg2 Ne4 35. g4 Kh7 36. Rg1 Qh4+ 37. Kd1 Nf2+ 38. Kc2 Nxg4 39. Kc3 Rg8 40. h3 Qf2 41. hxg4 Qxg2 42. Rxg2 fxg4 43. Nxg4 Rg6 44. Rh2+ Kg7 45. Ne5 Rg3 46. Kd2 Nf5 47. Nd7 Nxe3 48. Nc5 Nf5 49. Nxb7 Nxd4 50. Nc5 c3+ 51. Ke1 c2 52. Kd2 Rc3 53. Rh1 c1=Q+ 54. Rxc1 Rxc1 55. Kxc1 Ne2+ 56. Kd2 Nxf4 57. a6 d4 58. Nd7 Nd5 59. Kd3 Nxb4+ 60. Kxd4 Nxa6 61. Ke5 Kf7 62. Kd6 b4 63. Ne5+ Kf6 64. Nd7+ Kf5 65. Nc5 e5 66. Nb3 e4 67. Kd5 e3 68. Kc4 e2 69. Nd4+ Ke4 70. Nxe2 Ke3 71. Nc1 Kd2 72. Na2 Kc2 73. Nxb4+ Nxb4 74. Kxb4 a5+ 75. Kxa5 1/2-1/2


[Site "https://www.chess.com"]

[Event "Titled Tuesday Blitz June 20 Early 2023"]
[White "Zaitsev, Alexander"]
[Black "Postny, Evgeny"]
[WhiteFideId "4164490"]
[BlackFideId "2804344"]
[WhiteElo "2373"]
[BlackElo "2504"]
[Result "1/2-1/2"]
[Round "7"]
[TimeControl "180+2"]
[Date "2023.06.20"]
[WhiteClock "0:00:09"]
[BlackClock "0:00:03"]
[Board "58"]

1. e4 c5 2. Nf3 Nc6 3. Bb5 d6 4. d4 cxd4 5. Qxd4 Bd7 6. Bxc6 bxc6 7. Nc3 e5 8. Qd3 h6 9. O-O Nf6 10. Na4 Be7 11. c4 Qc7 12. b3 O-O 13. Qe2 Rfe8 14. Bb2 Bf8 15. c5 d5 16. exd5 cxd5 17. Bxe5 Bxa4 18. bxa4 Qxc5 19. Qb5 Ne4 20. Rac1 Qxb5 21. axb5 Re6 22. Rfd1 Bc5 23. Bd4 Bb6 24. Bxb6 axb6 25. Rc2 Ra3 26. Rxd5 Nc3 27. Rd8+ Kh7 28. h4 Nxb5 29. h5 Rc3 30. Rb2 Rc5 31. Rd7 Rxh5 32. Rxf7 Nd4 33. g4 Nxf3+ 34. Rxf3 Rg5 35. Rg3 Rc5 36. Kg2 Rc4 37. Kh3 Rg6 38. Rd2 Ra4 39. Rc2 Rg5 40. Rb2 Rg6 41. Rc2 Re6 42. Rb2 Ra5 43. Kg2 Ra4 44. Rc2 Rf6 45. Rb2 Raf4 46. f3 Rc4 47. Kh3 Rfc6 48. Rd2 Rc2 49. Rgg2 Rxd2 50. Rxd2 Rc3 51. Kg3 Ra3 52. Rb2 Ra4 53. Rb3 Rxa2 54. Rxb6 Ra4 55. Rb5 Rc4 56. Ra5 Rb4 1/2-1/2


[Site "https://www.chess.com"]

[Event "Titled Tuesday Blitz June 20 Early 2023"]
[White "Goryachkina, Aleksandra"]
[Black "Bogaudinov, Rushan"]
[WhiteFideId "4147103"]
[BlackFideId "4129288"]
[WhiteElo "2471"]
[BlackElo "1967"]
[Result "1-0"]
[Round "7"]
[TimeControl "180+2"]
[Date "2023.06.20"]
[WhiteClock "0:00:13"]
[BlackClock "0:00:09"]
[Board "59"]

1. e4 a6 2. d4 e6 3. Bd3 d6 4. Nf3 Be7 5. Nbd2 Nf6 6. Nf1 b5 7. Ng3 Bb7 8. Qe2 c5 9. c3 cxd4 10. cxd4 d5 11. e5 Nfd7 12. O-O Nc6 13. Be3 Nb6 14. b3 Nb4 15. Bb1 Rc8 16. Ne1 Qc7 17. Bd2 Nc6 18. Qe3 a5 19. Bd3 b4 20. Rc1 Qb8 21. Bb5 Qa8 22. Qd3 Nd7 23. f4 Na7 24. Ba4 Bc6 25. Bxc6 Rxc6 26. f5 Rxc1 27. Bxc1 Qc6 28. Bd2 Nb5 29. Nf3 Nc3 30. Rc1 O-O 31. Bxc3 bxc3 32. Qxc3 Qb6 33. Qc7 Qxc7 34. Rxc7 Rd8 35. fxe6 fxe6 36. Nh5 Nf8 37. Nf4 Kf7 38. Ng5+ Ke8 39. Ngxe6 Nxe6 40. Nxe6 Ra8 41. Nxg7+ Kd8 42. Ne6+ Ke8 43. Nf4 a4 44. Nxd5 Bd8 45. Rxh7 axb3 46. axb3 Ra3 47. e6 Ra1+ 48. Kf2 Be7 49. Rxe7+ Kf8 50. Rf7+ Ke8 51. Nf6+ Kd8 52. e7+ Kc7 53. e8=Q+ Kd6 54. Qe5+ Kc6 55. Qc5# 1-0


[Site "https://www.chess.com"]

[Event "Titled Tuesday Blitz June 20 Early 2023"]
[White "Omariev, Maksim"]
[Black "Begmuratov, Alisher"]
[WhiteFideId "4193423"]
[BlackFideId "14203367"]
[WhiteElo "2386"]
[BlackElo "2387"]
[Result "0-1"]
[Round "7"]
[TimeControl "180+2"]
[Date "2023.06.20"]
[WhiteClock "0:00:02"]
[BlackClock "0:00:55"]
[Board "60"]

1. g4 d6 2. Bg2 c6 3. h3 g6 4. d4 Bg7 5. Nf3 Nf6 6. c4 O-O 7. Nc3 d5 8. Bg5 Ne4 9. Qd3 Nxc3 10. Qxc3 c5 11. O-O-O Nc6 12. e3 cxd4 13. Nxd4 Nxd4 14. exd4 dxc4 15. Rhe1 Re8 16. Kb1 Bd7 17. Bxb7 Rb8 18. Bd5 Bf5+ 19. Be4 Bxe4+ 20. Rxe4 Qd5 21. Rxe7 Rxe7 22. Bxe7 Qe4+ 23. Ka1 Qxe7 24. Qxc4 Qd7 25. Rd2 Rc8 26. Qf1 Bxd4 27. Qd1 Qc6 28. Kb1 Qe4+ 29. Ka1 Be5 30. f3 Qb4 31. Kb1 Rb8 32. b3 Qc3 33. Rd8+ Kg7 34. Rxb8 Qb2# 0-1


[Site "https://www.chess.com"]

[Event "Titled Tuesday Blitz June 20 Early 2023"]
[White "Druska, Juraj"]
[Black "Kovacsy, Barnabas"]
[WhiteFideId "14915650"]
[BlackFideId "769290"]
[WhiteElo "2415"]
[BlackElo "2130"]
[Result "1/2-1/2"]
[Round "7"]
[TimeControl "180+2"]
[Date "2023.06.20"]
[WhiteClock "0:01:13"]
[BlackClock "0:00:21"]
[Board "61"]

1. b4 Nf6 2. Bb2 e6 3. a3 d5 4. d4 Be7 5. Nd2 Nbd7 6. c4 dxc4 7. Nxc4 b6 8. Nf3 Bb7 9. e3 O-O 10. Be2 Rc8 11. O-O Ne4 12. Nfe5 Nxe5 13. Nxe5 c5 14. dxc5 bxc5 15. Qa4 Qd2 16. Qxa7 Qxe2 17. Qxb7 Qxb2 18. Qxe4 cxb4 19. axb4 Qxb4 20. Qxb4 Bxb4 21. Ra4 Bc3 22. Nf3 Bf6 23. g4 g6 24. Rd1 Rfd8 25. Rxd8+ Rxd8 26. Kg2 Rd5 27. Rf4 Kg7 28. Rc4 h5 29. h3 hxg4 30. hxg4 Ra5 31. Nd2 Ra7 32. Kf3 Be7 33. Rc6 Rd7 34. Nc4 Bf6 35. Nd6 Be5 36. Nc4 Bf6 37. Ke4 Ra7 38. Nd6 Ra4+ 39. Kf3 Be5 40. Nc4 Bf6 41. Nb6 Ra7 42. Nc8 Rd7 43. Nd6 Be5 44. Ne4 Bf6 45. Ra6 Be7 46. Ng3 Bg5 47. Ke4 Bh4 48. Kf3 Bxg3 49. Kxg3 g5 50. Kf3 Kg6 51. Ke4 Rb7 52. Ra4 Rb5 53. Rc4 Rb2 54. f3 Rb7 55. Ke5 Rd7 56. Rd4 Ra7 57. Rd3 Ra6 58. Rc3 Ra5+ 59. Kd6 Kf6 60. Rd3 Ra6+ 61. Kc5 Ra5+ 62. Kc4 Ra7 63. Kc3 Rc7+ 64. Kd2 Ke7 65. Rb3 Rd7+ 66. Ke2 Rc7 67. Rb5 f6 68. Rb8 Rd7 69. Rh8 e5 70. Rh7+ Ke6 71. Rxd7 Kxd7 72. Kd3 Kd6 73. Kc4 Kc6 74. e4 Kd6 75. Kb5 Kd7 76. Kb6 Kd6 77. Kb7 Kd7 78. Kb8 Kd8 79. Kb7 Kd7 80. Kb6 Kd6 81. Kb5 Kd7 82. Kc5 Kc7 83. Kd5 Kd7 84. Kc4 Kc6 85. Kb4 Kb6 86. Kc4 Kc6 87. Kb4 Kb6 88. Kc4 Kc6 1/2-1/2


[Site "https://www.chess.com"]

[Event "Titled Tuesday Blitz June 20 Early 2023"]
[White "Idani, Pouya"]
[Black "MAHanif"]
[WhiteFideId "12510130"]
[WhiteElo "2574"]
[BlackElo "2341"]
[Result "1-0"]
[Round "7"]
[TimeControl "180+2"]
[Date "2023.06.20"]
[WhiteClock "0:02:12"]
[BlackClock "0:01:58"]
[Board "62"]

1. e4 Nf6 2. e5 Nd5 3. d4 d6 4. c4 Nb6 5. f4 c5 6. dxc5 dxc5 7. Qxd8+ Kxd8 8. Be3 Na6 9. Nc3 Be6 10. O-O-O+ Kc8 11. b3 Nb4 12. Bxc5 Nc6 13. Bd3 f6 14. f5 Bf7 15. e6 Be8 16. Be4 g6 17. Nf3 gxf5 18. Bxf5 Bg6 19. g4 Bh6+ 20. Kb1 Bf4 21. Nd5 Nxd5 22. cxd5 Ne5 23. Nxe5 Bxe5 24. Bxe7 1-0


[Site "https://www.chess.com"]